 Dungeon Crawl Stone Soup version 0.25.0-1-g7eea58d (webtiles) character file.

Game seed: 13813608449921110791

4578 auberdahn the Geomancer (level 10, -5/61 HPs)
             Began as a Gargoyle Earth Elementalist on June 26, 2020.
             Was a Priest of Vehumet.
             Splashed by Joseph's acid (7 damage)
             ... on level 8 of the Dungeon.
             The game lasted 00:16:54 (9989 turns).

auberdahn the Geomancer (GrEE)                      Turns: 9989, Time: 00:16:55

Health: -5/61      AC:  2    Str: 12    XL:     10   Next: 41%
Magic:  16/19      EV: 27    Int: 19    God:    Vehumet [***...]
Gold:   456        SH:  7    Dex: 10    Spells: 6/21 levels left

rFire    . . .     SeeInvis .   a - +2 whip (elec)
rCold    . . .     Gourm    .   m - +3 buckler
rNeg     + + .     Faith    .   c - +0 robe
rPois    ∞         Spirit   .   (no helmet)
rElec    +         Reflect  .   p - +0 cloak
rCorr    .         Harm     .   (no gloves)
MR       .....                  (no boots)
Stlth    ++........             F - amulet of the acrobat
HPRegen  0.20/turn              g - ring of wizardry
MPRegen  0.16/turn              D - ring of positive energy

@: about to teleport, corroded, acrobat
A: negative energy resistance 1, electricity resistance, unbreathing,
petrification resistance, rot immunity, AC +7
a: Renounce Religion


You were on level 8 of the Dungeon.
You worshipped Vehumet.
Vehumet was most pleased with you.
You were not hungry.

You visited 2 branches of the dungeon, and saw 9 of its levels.

You collected 456 gold pieces.

Inventory:

Hand Weapons
 a - a +2 whip of electrocution (weapon)
 b - a +2 dagger of venom
 h - a +0 dagger
 i - a +0 short sword
 C - a +2 whip of flaming
 K - the cursed +1 trident of Scorn {venom, +Rage}
   (You found it on level 8 of the Dungeon)

   It poisons the flesh of those it strikes.
   It lets you go berserk.
   It has a curse placed upon it.
Missiles
 o - 104 stones (quivered)
 z - 4 throwing nets {!f}
Armour
 c - a +0 robe (worn)
 m - a +3 buckler (worn)
 p - a +0 cloak (worn)
 y - the +1 leather armour of Zumuhy {rF+ rCorr Int-2 Dex+4}
   (You found it on level 4 of the Dungeon)

   It affects your intelligence (-2).
   It affects your dexterity (+4).
   It protects you from fire.
   It provides partial protection from all sources of acid and corrosion.
Jewellery
 g - a ring of wizardry (left hand)
 D - a ring of positive energy (right hand)
 F - an amulet of the acrobat (around neck)
Wands
 k - a wand of disintegration (9)
 w - a wand of paralysis (19)
 E - a wand of flame (13)
 J - a wand of clouds (6)
Scrolls
 e - 3 scrolls of teleportation {@r4}
 j - 2 scrolls of remove curse {@r2}
 q - a scroll of fog
 u - a scroll of identify {@r1}
 A - a scroll of random uselessness {unknown}
 H - a scroll of magic mapping {unknown}
Potions
 f - a potion of mutation {!q}
 l - 3 potions of flight
 n - a potion of berserk rage {unknown}
 r - 4 potions of lignification {!q}
 s - 3 potions of curing {@q1}
 t - a potion of haste {unknown}
 v - a potion of magic {unknown}
 x - 3 potions of heal wounds {@q2}
 G - a potion of invisibility
 I - a potion of ambrosia {unknown}
Comestibles
 d - 15 rations {!d}
 B - 2 chunks of flesh


   Skills:
 + Level 6.9 Fighting
 - Level 5.0 Armour
 - Level 1.5 Dodging
 - Level 2.1 Stealth
 - Level 4.0 Shields
 - Level 6.0 Spellcasting
 - Level 8.0 Conjurations
 + Level 2.4 Transmutations
 - Level 8.6 Earth Magic


You had 6 spell levels left.
You knew the following spells:

 Your Spells              Type           Power        Failure   Level  Hunger
a - Sandblast             Erth           #####.       1%          1    None
b - Passwall              Tmut/Erth      ####....     1%          2    None
c - Stone Arrow           Conj/Erth      #####.       1%          3    ##.....
d - Petrify               Tmut/Erth      ####....     4%          4    ####...
e - Lee's Rapid Deconstr  Erth           #####.....   1%          5    #####..

Your spell library contained the following spells:

 Spells                   Type           Power        Failure   Level  Hunger
 Mephitic Cloud           Conj/Pois/Air  ###.....     1%          3    ##.....
 Conjure Ball Lightning   Conj/Air       ###.......   30%         6    #######
 Summon Lightning Spire   Summ/Air       #.......     38%         4    ####...
 Silence                  Hex/Air        #.........   73%         5    #####..
 Tornado                  Air            #.........   100%        9    #######


Dungeon Overview and Level Annotations

Branches:
Dungeon (8/15)             Temple (1/1) D:4
   Lair: D:8-11

Altars:
Ashenzari
Dithmenos
Elyvilon
Fedhas
Gozag
Kikubaaqudgha
Makhleb
Okawaru
Ru
Sif Muna
Trog
Uskayaw
Vehumet
Wu Jian
Xom
Yredelemnul
Zin
The Shining One

Shops:
D:5 %

Annotations:
D:4 1 runed translucent door, wiuwiu's ghost, amateur DsFi
D:8 Joseph


Innate Abilities, Weirdness & Mutations

You are resistant to torment.
Your stone body is resilient. (AC +7)
You are immune to poison.
You resist negative energy. (rN+)
You are resistant to electric shocks. (rElec)
You can survive without breathing.
You are immune to petrification.
You are immune to rotting.


Message History

o - 105 stones Joseph unwields a +0 quarterstaff.
Joseph wields a +0 hunting sling.
Joseph shoots a sling bullet.
The sling bullet hits you.
* * * LOW HITPOINT WARNING * * *
Casting: Sandblast (safe; 1% risk of failure)
Confirm with . or Enter, or press ? or * to list all spells.
Aiming: Sandblast (safe; 1% risk of failure)
Press: ? - help, Shift-Dir - straight line, f/p - Joseph
Aim: Joseph, wielding a +0 hunting sling, wearing a +0 ring mail, quivering 39 sling bullets and carrying a wand of acid (6) (lightly wounded)
The blast of sand hits Joseph!
Joseph is moderately wounded.
o - 104 stones Joseph shoots a sling bullet.
The sling bullet hits you.
* * * LOW HITPOINT WARNING * * *
As you read the scroll of teleportation {@r4}, it crumbles to dust.
You feel strangely unstable.
Joseph zaps a wand.
The bolt of acid hits you!
* * * LOW HITPOINT WARNING * * *
The acid corrodes you!
You are splashed with acid!
You die...

....# #....[....#
...# #.........###
....# #.........#..
....####.......###..
...................
#@...._...#.......
#.........#.......
#(........#......[
####@........#.......
#............'÷÷.†...
#............#)......
#........#####.......
#........# #.......
########## ########


You could see Joseph.

Vanquished Creatures
  Pikel (D:5)
  An ugly thing (D:8)
  2 wraiths (D:7)
  A hungry ghost (D:8)
  An ice beast (D:8)
  An orc warrior (D:7)
  A sky beast (D:5)
  2 necrophages (D:7)
  A phantom (D:4)
  6 ogres
  Blork the orc (D:4)
  A bullfrog (D:8)
  A scorpion (D:8)
  8 killer bees (D:8)
  2 wights (D:7)
  3 howler monkeys
  3 crimson imps
  A centaur zombie (D:5)
  2 human zombies (D:7)
  5 hounds
  A bullfrog skeleton (D:5)
  3 centaur skeletons
  A gnoll shaman (D:4)
  An orc priest (D:3)
  4 orc wizards
  3 iguanas
  6 worker ants
  A human skeleton (D:7)
  3 mummies (D:7)
  44 gnolls
  8 adders
  An adder zombie (D:5)
  2 adder skeletons (D:5)
  3 worms
  2 dart slugs
  A leopard gecko (D:5)
  16 orcs
  8 giant cockroaches
  12 goblins
  13 hobgoblins
  16 jackals (D:4)
  13 kobolds
  3 quokkas
  A ball python (D:5)
  7 bats
  4 frilled lizards
  A jackal zombie (D:5)
  A leopard gecko skeleton (D:4)
  7 rats
230 creatures vanquished.

Vanquished Creatures (others)
  A worm (D:6)
  An orc (D:6)
  A quokka (D:4)
3 creatures vanquished.

Grand Total: 233 creatures vanquished

Notes
Turn   | Place    | Note
-------+----------+-------------------------------------------
     0 | D:1      | auberdahn the Gargoyle Earth Elementalist began the quest
                  | for the Orb.
     0 | D:1      | Reached XP level 1. HP: 10/10 MP: 3/3
   175 | D:1      | Reached XP level 2. HP: 16/16 MP: 3/5
   376 | D:1      | Reached skill level 1 in Shields
   698 | D:1      | Reached XP level 3. HP: 20/20 MP: 3/6
   730 | D:1      | Learned a level 2 spell: Passwall
  1394 | D:2      | Reached XP level 4. HP: 7/24 MP: 1/7
  2189 | D:3      | Reached skill level 5 in Earth Magic
  2189 | D:3      | Reached XP level 5. HP: 28/28 MP: 6/9
  2631 | D:3      | Reached XP level 6. HP: 26/33 MP: 5/10
  2901 | D:4      | Found a runed translucent door.
  2947 | D:4      | Reached skill level 1 in Fighting
  2966 | D:4      | Noticed Blork the orc
  2975 | D:4      | Noticed a phantom
  2979 | D:4      | Killed Blork the orc
  2992 | D:4      | Killed a phantom
  2992 | D:4      | Reached XP level 7. HP: 21/40 MP: 3/12
  3129 | D:4      | Learned a level 3 spell: Stone Arrow
  3134 | D:4      | Learned a level 4 spell: Petrify
  3329 | D:4      | Noticed wiuwiu's ghost (amateur DsFi)
  3338 | D:4      | Found a white marble altar of Elyvilon.
  4067 | D:4      | Got a faintly humming leather armour
  4101 | D:4      | Identified the +1 leather armour of Zumuhy {rF+ rCorr Int-2
                  | Dex+4} (You found it on level 4 of the Dungeon)
  4278 | D:4      | Found a staircase to the Ecumenical Temple.
  4284 | Temple   | Entered the Ecumenical Temple
  4670 | Temple   | Became a worshipper of Vehumet
  4755 | D:4      | Reached XP level 8. HP: 46/46 MP: 8/14
  4919 | D:4      | Reached skill level 1 in Conjurations
  5042 | D:4      | Reached * piety under Vehumet
  5042 | D:4      | Offered knowledge of Foxfire by Vehumet.
  5522 | D:5      | Entered Level 5 of the Dungeon
  5610 | D:5      | Found Jecesya's Food Shop.
  6234 | D:5      | Reached skill level 1 in Armour
  6466 | D:5      | Found a bloodstained altar of Trog.
  6645 | D:6      | Noticed Pikel
  6655 | D:5      | Killed Pikel
  6655 | D:5      | Reached skill level 5 in Fighting
  6655 | D:5      | Reached skill level 5 in Spellcasting
  6655 | D:5      | Reached XP level 9. HP: 29/54 MP: 9/16
  6986 | D:6      | Offered knowledge of Magic Dart by Vehumet.
  6987 | D:6      | Reached ** piety under Vehumet
  7133 | D:6      | Found a burning altar of Makhleb.
  7174 | D:6      | Reached skill level 5 in Conjurations
  8209 | D:7      | Found a basalt altar of Yredelemnul.
  9083 | D:7      | Learned a level 5 spell: Lee's Rapid Deconstruction
  9123 | D:8      | Got a scorched trident
  9128 | D:8      | Offered knowledge of Mephitic Cloud by Vehumet.
  9128 | D:8      | Reached XP level 10. HP: 58/60 MP: 19/19
  9135 | D:7      | Identified the cursed +1 trident of Scorn {venom, +Rage}
                  | (You found it on level 8 of the Dungeon)
  9404 | D:8      | Reached skill level 1 in Transmutations
  9742 | D:8      | Found a shattered altar of Ashenzari.
  9743 | D:8      | Noticed a red ugly thing
  9753 | D:8      | Killed a red ugly thing
  9753 | D:8      | Reached skill level 5 in Armour
  9852 | D:8      | Reached *** piety under Vehumet
  9984 | D:8      | Noticed Joseph
  9989 | D:8      | HP: 2/61 [Joseph/bolt of acid (9)]
  9989 | D:8      | Splashed by Joseph's acid

Illustrated notes

Levels and vault maps discovered:
D:1:      dpeg_arrival_connections, layout_basic
D:2:      layout_rooms, first_ration
D:3:      layout_rooms, st_stairs_11, minmay_misc_feat_square, grunt_decor_cap
D:4:      lemuel_castle_with_subvaults [lemuel_castle_interior_original],
          layout_basic, elyvilon_altar_4, minmay_temple_entry_enclosed_plants,
          ebering_ghost_reflecting_pool, chequers_mini_garden,
          uniq_blork_the_orc
D:5:      layout_cave_pods, marbit_many_paths, serial_shops,
          kennysheep_little_box
D:6:      layout_loops_corners, nicolae_overflow_hidden_temple,
          lightli_ossuary_entry_decrepit_ruins, chequers_serial_rivers_micro_c,
          uniq_pikel
D:7:      layout_gridville, lemuel_mausoleum_altar_yredelemnul,
          due_unseen_surprise
D:8:      layout_basic, overflow_temple_1_default, eino_jars, uniq_joseph
Temple:   dshaligram_water_room_temple

Skill      XL: |  1  2  3  4  5  6  7  8  9 10 |
---------------+-------------------------------+-----
Earth Magic    | 4 5 6 7 8 |  8.6
Shields        | 1 2 3 4 |  4.0
Spellcasting   | 3 4 5 6 |  6.0
Fighting       | 2 3 5 6 |  6.9
Conjurations   | 4 7 8 |  8.0
Armour         | 2 4 5 |  5.0
Transmutations | 2 |  2.4
Dodging        | |  1.5
Stealth        | |  2.1

Action                   |  1- 3 |  4- 6 |  7- 9 | 10-12 || total
-------------------------+-------+-------+-------+-------++-------
Melee: Dagger            |    30 |    20 |   187 |       ||   237
       Short sword       |    50 |       |       |       ||    50
       Whip              |    20 |   133 |    43 |    17 ||   213
 Cast: Sandblast         |    30 |    22 |   149 |    40 ||   241
       Stone Arrow       |       |       |    23 |     1 ||    24
  Use: Scroll            |       |       |     5 |    15 ||    20
 Stab: Sleeping          |     1 |     1 |     2 |       ||     4
  Eat: Chunk             |     2 |     5 |    16 |     1 ||    24
       Ration            |       |       |     2 |       ||     2
Armor: Robe              |    40 |    52 |    75 |    16 ||   183
Dodge: Dodged            |    84 |    79 |   168 |    44 ||   375
Block: Buckler           |    44 |    49 |   101 |    21 ||   215
